 Dungeon Crawl Stone Soup version 0.27.1-34-g3ba077fa99 (webtiles) character file.

Game seed: 15686555001054708535

41 fishdoom the Magician (level 3, -1/25 HPs)
             Began as a Gnoll Wanderer on Jan 24, 2022.
             Slain by a gnoll (7 damage)
             ... on level 2 of the Dungeon.
             The game lasted 00:09:54 (1855 turns).

fishdoom the Magician (Gnoll Wanderer)              Turns: 1855, Time: 00:09:57

Health: -1/25      AC:  5    Str: 11    XL:     3   Next: 52%
Magic:  1/11       EV:  6    Int: 11    God:
Gold:   57         SH:  0    Dex: 12    Spells: 13/16 levels left

rFire    . . .     SeeInvis .   a - +0 dagger
rCold    . . .     Faith    .   (no shield)
rNeg     . . .     Spirit   .   b - +0 robe
rPois    .         Reflect  .   (no helmet)
rElec    .         Harm     .   (no cloak)
rCorr    .         Rampage  .   (no gloves)
Will     .....                  m - +2 pair of boots
Stlth    +.........             (no amulet)
HPRegen  0.08/turn              (no ring)
MPRegen  0.12/turn              (no ring)

@: held
A: fangs 1, strong nose, distributed training
a: no special abilities


You were on level 2 of the Dungeon.
You visited 1 branch of the dungeon, and saw 2 of its levels.

You collected 57 gold pieces.

Inventory:

Hand Weapons
 a - a +0 dagger (weapon)
Missiles
 g - 2 stones (quivered)
Armour
 b - a +0 robe (worn)
 k - a +0 kite shield
 l - a +0 ring mail
 m - a +2 pair of boots (worn)
Scrolls
 d - a scroll of teleportation {unknown}
 i - a scroll of fear {unknown}
 j - a scroll of enchant weapon {unknown}
 o - a scroll of identify {unknown}
 p - a scroll of magic mapping {unknown}
Potions
 c - a potion of might {unknown}
 e - a potion of curing {unknown}
 f - a potion of experience {unknown}
 h - a potion of magic {unknown}
 n - a potion of heal wounds {unknown}


   Skills:
 + Level 0.8 Fighting
 + Level 0.8 Short Blades
 + Level 0.8 Long Blades
 + Level 0.8 Axes
 + Level 0.8 Maces & Flails
 + Level 0.8 Polearms
 + Level 0.8 Staves
 + Level 0.8 Slings
 + Level 0.8 Bows
 + Level 0.8 Crossbows
 + Level 0.8 Throwing
 + Level 0.8 Armour
 + Level 0.8 Dodging
 + Level 0.8 Stealth
 + Level 4.5 Shields
 + Level 0.8 Unarmed Combat
 + Level 7.1 Spellcasting
 + Level 0.5 Conjurations
 + Level 0.5 Hexes
 + Level 0.5 Summonings
 + Level 0.5 Necromancy
 + Level 5.4 Translocations
 + Level 0.5 Transmutations
 + Level 0.5 Fire Magic
 + Level 0.5 Ice Magic
 + Level 0.5 Air Magic
 + Level 3.7 Earth Magic
 + Level 0.5 Poison Magic
 + Level 1.0 Invocations
 + Level 0.8 Evocations


You had 13 spell levels left.
You knew the following spells:

 Your Spells              Type           Power      Damage    Failure   Level
a - Magic Dart            Conj           20%        1d4       14%         1
b - Sandblast             Erth           24%        2d8       3%          1
c - Freeze                Ice            20%        1d4       14%         1

Your spell library contained the following spells:

 Spells                   Type           Power      Damage    Failure   Level
 Blink                    Tloc           N/A        N/A       2%          2
 Call Imp                 Summ           5%         N/A       21%         2
 Slow                     Hex            5%         N/A       21%         2
 Stone Arrow              Conj/Erth      16%        3d8       22%         3
 Conjure Flame            Conj/Fire      5%         6-21      38%         3
 Mephitic Cloud           Conj/Pois/Air  5%         N/A       38%         3
 Ozocubu's Armour         Ice            5%         N/A       38%         3


Dungeon Overview and Level Annotations

Branches:
Dungeon (2/15)

Altars:

Shops:
D:2 :


Innate Abilities, Weirdness & Mutations

You have very sharp teeth.
Your uncanny sense of smell can sniff out nearby items.
Your experience applies equally to all skills.


Message History

Press: ? - help, Shift-Dir - straight line, f - gnoll, p - gnoll
Aim: a gnoll, wielding a +0 club (heavily wounded)
You freeze the gnoll.
The gnoll is severely wounded.
Casting: Freeze (safe; 14% risk of failure)
Confirm with . or Enter, or press ? or * to list all spells.
Aiming: Freeze (safe; 14% risk of failure)
Press: ? - help, Shift-Dir - straight line, f/p - gnoll
Aim: a gnoll, wielding a +0 club (severely wounded)
You freeze the gnoll.
The gnoll is almost dead.
The gnoll hits you but does no damage.
A jackal comes into view.
You struggle against the net.
The gnoll hits you with a +0 club.
The gnoll hits you from afar with a +0 spear.
You struggle against the net.
The gnoll hits you with a +0 club.
The gnoll hits you from afar with a +0 spear!
Casting: Freeze (safe; 14% risk of failure)
Confirm with . or Enter, or press ? or * to list all spells.
Aiming: Sandblast (safe; 3% risk of failure)
Press: ? - help, Shift-Dir - straight line, f/p - gnoll
Aim: a gnoll, wielding a +0 club (almost dead, 82% to hit)
The blast of sand hits the gnoll!
You kill the gnoll!
g - 3 stones The gnoll hits you from afar with a +0 spear.
* * * LOW HITPOINT WARNING * * *
Your Invocations skill increases to level 1!
Unknown command.
You are not religious.
Casting: Sandblast (safe; 3% risk of failure)
Confirm with . or Enter, or press ? or * to list all spells.
Aiming: Sandblast (safe; 3% risk of failure)
Press: ? - help, Shift-Dir - straight line, f - ball python
Aim: a ball python (77% to hit)
The blast of sand hits the ball python.
You kill the ball python!
g - 2 stones The gnoll hits you from afar with a +0 spear!
You die...

##.....## #.##....
#.......# #.#..#
#.......# ###...#
#.......# ##....##
##.....## #..##.#
##...#######.###..#
#######.....>......
#....###########
#@#.## #S#.# #hg.#
.g### #g# #h# ..#
...


You could see 3 gnolls, 2 jackals and a ball python.

Vanquished Creatures
  A gnoll (D:2)
  A worm (D:2)
  4 ball pythons
  6 endoplasms
  6 hobgoblins (D:1)
  2 bats
  A frilled lizard (D:1)
  3 kobolds
  3 rats
27 creatures vanquished.

Vanquished Creatures (others)
  4 plants (D:1)
4 creatures vanquished.

Grand Total: 31 creatures vanquished

Notes
Turn   | Place    | Note
-------+----------+-------------------------------------------
     0 | D:1      | fishdoom the Gnoll Wanderer began the quest for the Orb.
     0 | D:1      | fishdoom set off with the following items: a +0 dagger, a
                  | +0 robe; and the following spells available to memorise:
                  | Blink, Sandblast, Freeze, Magic Dart, Stone Arrow, Call
                  | Imp, Slow, Conjure Flame, Mephitic Cloud, Ozocubu's Armour
     0 | D:1      | Reached XP level 1. HP: 13/13 MP: 8/8
     2 | D:1      | Learned a level 1 spell: Magic Dart
     4 | D:1      | Learned a level 1 spell: Sandblast
     6 | D:1      | Learned a level 1 spell: Freeze
   270 | D:1      | Reached XP level 2. HP: 19/19 MP: 5/10
   677 | D:1      | HP: 1/20 [kobold (4)]
  1285 | D:1      | Found a faded altar of an unknown god.
  1516 | D:2      | Reached XP level 3. HP: 23/25 MP: 11/11
  1688 | D:2      | Found Veuh's Book Shop.
  1855 | D:2      | Reached skill level 1 in Invocations
  1855 | D:2      | Slain by a gnoll

Illustrated notes

Levels and vault maps discovered:
D:1:      denvon_arrival_planthouse, layout_rooms,
          dilly_ecumenical_altar_fadedgnrine, serial_corexii_hall,
          corexii_hall_statues_x, corexii_hall_statues_l
D:2:      layout_rooms, serial_shops, shop, amcnicky_mini_corridor_feature,
          dk_noncrumbling_2, kennysheep_small_spiral, due_unseen_surprise,
          uniq_jessica, uniq_sigmund

Skill      XL: |  1  2  3 |
---------------+----------+-----
Invocations    | 1 |  1.0
Fighting       | |  0.8
Short Blades   | |  0.8
Long Blades    | |  0.8
Axes           | |  0.8
Maces & Flails | |  0.8
Polearms       | |  0.8
Staves         | |  0.8
Slings         | |  0.8
Bows           | |  0.8
Crossbows      | |  0.8
Throwing       | |  0.8
Armour         | |  0.8
Dodging        | |  0.8
Stealth        | |  0.8
Shields        | |  4.5
Unarmed Combat | |  0.8
Spellcasting   | |  7.1
Conjurations   | |  0.5
Hexes          | |  0.5
Summonings     | |  0.5
Necromancy     | |  0.5
Translocations | |  5.4
Transmutations | |  0.5
Fire Magic     | |  0.5
Ice Magic      | |  0.5
Air Magic      | |  0.5
Earth Magic    | |  3.7
Poison Magic   | |  0.5
Evocations     | |  0.8

Action                   || total
-------------------------++-------
Melee: Dagger            ||    13
 Cast: Magic Dart        ||    66
       Sandblast         ||    22
       Freeze            ||     4
Armor: Robe              ||     7
Dodge: Dodged            ||    10
